Map: 宿怨战场-天梯版

Players

SortOf - Winner!

  • Race: Zerg Zerg

ShahriarDeMi

  • Race: Terran Terran
  • League: Diamond

Event: WESG 2018 Grand Finals

VOD

Have the link to the VOD?

Description

Time

  • Played on: March 12, 2019, 4:07 a.m.
  • Length: 4:18

All games in this series

Show
View Real Time Build Order
Export as new Build Order

SortOf Zerg - Winner!

Build Orders: Pool First 

Get SALT Encoding   

  12  0:00  Drone  
  13  0:12  Overlord  
  13  0:19  Drone  
  14  0:32  Drone x2  
  16  0:42  Spawning Pool  
  15  0:45  Drone  
  15  0:49  Drone  
  17  0:55  Extractor  
  16  0:58  Drone  
  17  1:09  Drone  
  18  1:19  Hatchery  
  18  1:22  Drone  
  18  1:29  Zergling x2  
  19  1:38  Roach Warren  
  18  1:46  Queen  
  18  1:51  Drone  
  21  1:59  Overlord  
  21  2:04  Drone  
  22  2:20  Roach  
  22  2:22  Queen  
  24  2:26  Roach  
  28  2:33  Roach x2  
  32  2:43  Overlord  
  32  2:45  Roach  
  32  2:46  Ravager  
  35  2:53  Drone  
  36  3:02  Roach  
  36  3:03  Roach  
  36  3:04  Drone  
  40  3:10  Overlord  
  40  3:11  Drone  
  41  3:15  Drone  
  42  3:21  Ravager  
  42  3:22  Overlord  
  42  3:26  Drone  
  44  3:34  Drone  
  44  3:37  Drone  
  46  3:46  Drone  
  47  3:49  Drone  
  47  3:52  Drone  
  47  3:53  Drone x2  
  53  4:01  Drone x2  
Show
View Real Time Build Order
Export as new Build Order

ShahriarDeMi Terran 

Build Orders: Reaper Expand 

Get SALT Encoding   

  12  0:00  SCV  
  13  0:12  SCV  
  14  0:17  Supply Depot  
  14  0:25  SCV  
  15  0:39  SCV  
  15  0:41  Barracks  
  16  0:46  Refinery  
  16  0:51  SCV  
  17  1:03  SCV  
  18  1:15  SCV  
  19  1:30  Reaper, Orbital Command  
  20  1:42  Command Center  
  20  1:50  Supply Depot  
  20  1:56  SCV  
  21  2:01  Marine  
  23  2:08  SCV  
  23  2:14  Factory  
  23  2:17  Refinery  
  23  2:20  SCV  
  24  2:32  SCV  
  24  2:35  Barracks Reactor  
  25  2:44  SCV  
  26  2:56  Orbital Command  
  26  2:57  SCV  
  27  3:01  Starport  
  27  3:09  SCV  
  28  3:17  Hellion  
  28  3:18  Hellion  
  32  3:21  Barracks Tech Lab, SCV x2  
  34  3:28  Supply Depot  
  34  3:33  SCV  
  34  3:34  SCV  
  35  3:36  Bunker  
  35  3:41  Marauder  
  40  3:45  SCV  
  37  3:50  SCV  
Tags
 
Add a new tag
Caveats
  • Supply blocks, unpowered buildings, or Contaminate may cause inaccurate times.
  • Supply counts are checked every 10 seconds.